 Dungeon Crawl Stone Soup version 0.22-a0-480-g991dd4b (webtiles) character file.

135 KillYourself the Cudgeler (level 4, -1/40 HPs)
             Began as a Minotaur Fighter on June 16, 2018.
             Slain by ThereIsNoGod's ghost (3 damage)
             ... on level 3 of the Dungeon.
             The game lasted 00:06:08 (1671 turns).

KillYourself the Cudgeler (Minotaur Fighter)        Turns: 1671, Time: 00:06:09

Health: -1/40      AC: 11    Str: 20 (21) XL:     4   Next: 97%
Magic:  3/3        EV:  4    Int:  5      God:    Xom [..*...]
Gold:   92         SH:  9    Dex: 10      Spells: 3/3 levels left

rFire    . . .     SeeInvis .   a - +0 flail
rCold    . . .     Gourm    .   c - +0 shield
rNeg     . . .     Faith    .   i - +0 plate armour
rPois    .         Spirit   .   (helmet restricted)
rElec    .         Reflect  .   (no cloak)
rCorr    .         Harm     .   (no gloves)
MR       .....                  (no boots)
Stlth    ..........             (no amulet)
HPRegen  0.13/turn              (no ring)
MPRegen  0.08/turn              (no ring)

@: no status effects
A: retaliatory headbutt, horns 2
a: Renounce Religion


You were on level 3 of the Dungeon.
You worshipped Xom.
You were a toy of Xom.
You were near starving.

You visited 1 branch of the dungeon, and saw 3 of its levels.

You collected 92 gold pieces.

Inventory:

Hand Weapons
 a - a +0 flail (weapon)
Armour
 b - a +0 scale mail
 c - a +0 shield (worn)
 i - a +0 plate armour (worn)
Jewellery
 k - a cursed amulet of inaccuracy
Scrolls
 e - 3 scrolls of identify
Potions
 d - a potion of might
 g - a potion of curing
 l - a potion of cancellation
Comestibles
 f - 4 rations


   Skills:
 + Level 4.2 Fighting
 * Level 4.8 Maces & Flails
 + Level 4.0 Armour
 + Level 0.5 Dodging
 + Level 4.4 Shields


You had 3 spell levels left.
You didn't know any spells.
Your spell library was empty.

Dungeon Overview and Level Annotations

Branches:
Dungeon (3/15)

Altars:
Ashenzari
Nemelex Xobeh
Xom

Annotations:
D:3 ThereIsNoGod's ghost, amateur DrTm


Innate Abilities, Weirdness & Mutations

You reflexively headbutt those who attack you in melee.
You have a pair of horns on your head.


Message History

* * * LOW HITPOINT WARNING * * *
The orc hits you but does no damage.
Your plate armour prevents you from hitting the orc.
The orc is almost dead.
You block ThereIsNoGod's ghost's attack.
The orc hits you.
* * * LOW HITPOINT WARNING * * *
ThereIsNoGod's ghost hits you!
* * * LOW HITPOINT WARNING * * *
It was a potion of curing.
You feel better.
Xom thinks this is hilarious!
The orc hits you but does no damage.
ThereIsNoGod's ghost hits you but does no damage.
You hit the orc.
You kill the orc!
ThereIsNoGod's ghost hits you.
* * * LOW HITPOINT WARNING * * *
ThereIsNoGod's ghost hits you.
You die...
Xom roars with laughter!

### ....... #..
........ #.### #
.......# #.#<# .
......# #.#.#.###
###....#
###...#....
#......####.W.....#
#.........'@......+
#.......###...†...#
#.......#
#.(..##.....
###.....###....#
.....
#.#+#...###### ...
###....##.# #
######...#.....#
.......#.##....#
.......#...<#..#


You could see ThereIsNoGod's ghost.

Vanquished Creatures
  Jessica (D:2)
  3 adders (D:2)
  2 dart slugs (D:1)
  5 leopard geckos
  An orc (D:3)
  3 bats
  2 giant cockroaches (D:1)
  12 hobgoblins
  5 jackals
  9 kobolds
  3 quokkas
  A ball python (D:1)
  4 frilled lizards (D:1)
  9 goblins
  4 rats
64 creatures vanquished.

Notes
Turn   | Place    | Note
-------+----------+-------------------------------------------
     0 | D:1      | KillYourself the Minotaur Fighter began the quest for the Orb.
     0 | D:1      | Reached XP level 1. HP: 19/19 MP: 0/0
   153 | D:1      | Reached XP level 2. HP: 23/27 MP: 1/1
   425 | D:1      | Reached XP level 3. HP: 27/33 MP: 2/2
   752 | D:2      | Reached XP level 4. HP: 18/40 MP: 3/3
  1021 | D:2      | Noticed Jessica
  1031 | D:2      | Killed Jessica
  1343 | D:2      | Found a shattered altar of Ashenzari.
  1343 | D:2      | Found a shimmering altar of Xom.
  1343 | D:2      | Found a sparkling altar of Nemelex Xobeh.
  1366 | D:2      | Became a worshipper of Xom of Chaos
  1614 | D:3      | Noticed ThereIsNoGod's ghost (amateur DrTm)
  1667 | D:3      | HP: 1/40 [ThereIsNoGod's ghost (7)]
  1671 | D:3      | Slain by ThereIsNoGod's ghost

Vault maps used:
D:1:      dpeg_arrival_snail, minmay_heptomino_w4
D:2:      gammafunk_temple_overflow_forgotten, serial_forest,
          infiniplex_forest_lined_corner, infiniplex_forest_corner_1,
          infiniplex_forest_clump_small, infiniplex_forest_lined_corner,
          infiniplex_forest_clump_small, infiniplex_forest_straight_2,
          infiniplex_forest_straight_4, infiniplex_forest_clump_small,
          uniq_jessica

Skill      XL: |  1  2  3  4 |
---------------+-------------+-----
Armour         | 4 |  4.0
Maces & Flails | 3 4 |  4.8
Fighting       | 4 |  4.2
Shields        | 4 |  4.4
Dodging        | |  0.5

Action                   |  1- 3 |  4- 6 || total
-------------------------+-------+-------++-------
Melee: Flail             |    90 |    76 ||   166
       Headbutt          |    14 |    10 ||    24
  Use: Scroll            |     2 |     2 ||     4
       Potion            |     3 |     1 ||     4
  Eat: Chunk             |       |     1 ||     1
Armor: Scale mail        |    34 |    22 ||    56
       Plate armour      |       |    21 ||    21
Dodge: Dodged            |    32 |    23 ||    55
Block: Shield            |    43 |    46 ||    89

Table legend:
 A = Spawn XP
 B = Non-spawn XP
 C = Spawn XP percentage of total XP
 D = Spawn monster count
 E = Non-spawn monster count
 F = Spawn count percentage of total count
 G = Total turns spent on level
                    A         B        C        D         E        F      G
               +---------+---------+-------+---------+---------+-------+---------
         Total |       0 |     194 |   0.0 |       0 |      64 |   0.0 |  1671
               +---------+---------+-------+---------+---------+-------+---------
           D:1 |       0 |      61 |   0.0 |       0 |      33 |   0.0 |   671
           D:2 |       0 |     119 |   0.0 |       0 |      25 |   0.0 |   943
           D:3 |       0 |      14 |   0.0 |       0 |       6 |   0.0 |    57
               +---------+---------+-------+---------+---------+-------+---------
